AoeStats
← Demax

Four Lakes

510227515Analyzed
1v1 RM · 1d ago on Sep 30, 2026· 30m 28s· 2 players
Game mode
Random Map
Map size
Tiny (2 player)
Population
200
Speed
Normal
Resources
Standard
Victory
Conquest
Starting age
Dark Age
Ending age
Imperial Age
RankedLock teamsTeams togetherTeam positionsShared explorationLock speedFull tech treeHidden civsTurbo modeCheats
Victory
Defeat
🇨🇷 Persians · Costa Rica
1189
+15
🇨🇴 Burmese · Colombia
1157
-15
Jonmel
5:23 Loom
13:14 Feudal Age
15:13 Man-at-Arms
18:38 Castle Age
26:49 Stone Mining
Demax
4:57 Loom
14:03 Feudal Age
13:57 Man-at-Arms
16:46 Forging
17:41 Bloodlines
21:14 Double-Bit Axe
24:42 Castle Age
23:10 Scale Mail Armor
25:05 Scale Barding Armor
Connection lost

Rejoining the realm…

Still unreachable

The connection could not be restored.

Session expired

The server has moved on; the page needs a fresh start.